3085 views
Uploaded 2020-06-29 14:39:20
Game version 1.32.6 / 1.32.7
11:08 long 4on4 custom game on (8)Northshire_LV
Game name "W3Champions-s1-20-25375"
Saved by Leluaami
3085 views
Uploaded 2020-06-29 14:39:20
Game version 1.32.6 / 1.32.7
11:08 long 4on4 custom game on (8)Northshire_LV
Game name "W3Champions-s1-20-25375"


134 units @ 17.3k
/ 1.1k
46 buildings @ 7.2k
/ 2.5k
| Peon | 25 | 1875 | / | 0 |
| total: | 25 | 1875g | / | 0w |
| Orc Burrow | 1 | 160 | / | 40 |
| Altar of Storms | 1 | 180 | / | 50 |
| total: | 2 | 340g | / | 90w |
| 0:03 | Peon |
| 0:03 | Peon |
| 0:03 | Peon |
| 0:03 | Peon |
| 0:07 | Orc Burrow |
| 0:21 | Altar of Storms |
| 0:24 | Peon |
| 0:24 | Peon |
| 0:31 | Peon |
| 0:32 | Peon |
| 1:32 | Peon |
| 1:32 | Peon |
| 1:32 | Peon |
| 1:32 | Peon |
| 1:32 | Peon |
| 1:32 | Peon |
| 1:32 | Peon |
| 1:32 | Peon |
| 1:32 | Peon |
| 1:32 | Peon |
| 1:32 | Peon |
| 1:32 | Peon |
| 1:32 | Peon |
| 1:32 | Peon |
| 1:32 | Peon |
| 1:32 | Peon |
| 1:32 | Peon |
| Minimap ping | 1636 |
| Build/train/purchase | 38 |
| Select | 21 |
| Right click | 16 |
| Remove unit | 1 |

| Peasant | 13 | 975 | / | 0 |
| Rifleman | 22 | 4510 | / | 660 |
| Grunt | 6 | 1200 | / | 0 |
| Huntress | 3 | 585 | / | 60 |
| total: | 44 | 7270g | / | 720w |
| Scout Tower | 1 | 30 | / | 20 |
| Arcane Tower | 1 | 70 | / | 50 |
| Altar of Kings | 1 | 180 | / | 50 |
| Farm | 6 | 480 | / | 120 |
| Blacksmith | 1 | 140 | / | 60 |
| Barracks | 2 | 320 | / | 120 |
| Town Hall | 1 | 385 | / | 205 |
| Voodoo Lounge | 1 | 130 | / | 30 |
| Orc Burrow | 2 | 320 | / | 80 |
| total: | 15 | 1985g | / | 685w |
| 0:02 | Peasant |
| 0:02 | Peasant |
| 0:15 | Altar of Kings |
| 0:19 | Peasant |
| 0:39 | Farm |
| 0:46 | Peasant |
| 1:00 | Peasant |
| 1:12 | Blacksmith |
| 1:19 | Barracks |
| 1:26 | Peasant |
| 1:41 | Peasant |
| 1:43 | Farm |
| 2:00 | Peasant |
| 2:24 | Peasant |
| 2:25 | Rifleman |
| 2:27 | Rifleman |
| 2:33 | Summon Water Elemental |
| 2:48 | Farm |
| 3:10 | Farm |
| 3:26 | Rifleman |
| 3:27 | Black Gunpowder |
| 3:41 | Farm |
| 3:47 | Grunt |
| 3:52 | Brilliance Aura |
| 4:02 | Rifleman |
| 4:03 | Peasant |
| 4:35 | Rifleman |
| 4:36 | Peasant |
| 4:48 | Grunt |
| 4:52 | Town Hall |
| 4:54 | Scout Tower |
| 5:33 | Summon Water Elemental |
| 5:43 | Rifleman |
| 6:06 | Rifleman |
| 6:07 | Peasant |
| 6:07 | Peasant |
| 6:27 | Rifleman |
| 6:29 | Arcane Tower |
| 6:58 | Rifleman |
| 6:58 | Rifleman |
| 6:58 | Rifleman |
| 7:01 | Barracks |
| 7:06 | Farm |
| 7:33 | Voodoo Lounge |
| 7:55 | Rifleman |
| 7:55 | Rifleman |
| 8:13 | Rifleman |
| 8:13 | Rifleman |
| 8:14 | Rifleman |
| 8:14 | Rifleman |
| 8:37 | Huntress |
| 8:37 | Huntress |
| 8:37 | Huntress |
| 8:52 | Rifleman |
| 9:16 | Grunt |
| 9:16 | Grunt |
| 9:17 | Grunt |
| 9:34 | Orc Burrow |
| 9:36 | Orc Burrow |
| 9:45 | Rifleman |
| 9:47 | Studded Leather Armor |
| 10:01 | Grunt |
| 10:43 | Rifleman |
| 10:43 | Rifleman |
| 10:44 | Rifleman |
| Right click | 301 |
| Select | 234 |
| Chat | 83 |
| Build/train/purchase | 81 |
| Misc. action | 54 |
| Select group | 45 |
| Resource trade | 15 |
| Assign group | 11 |
| Use ability | 6 |
| Item give/drop | 3 |
| Remove unit | 2 |



| Potion of Healing | 1 | 150 |
| Dust of Appearance | 1 | 75 |
| total: | 2 | 225g |
| Wisp | 13 | 780 | / | 0 |
| Archer | 21 | 2730 | / | 210 |
| Huntress | 10 | 1950 | / | 200 |
| Grunt | 10 | 2000 | / | 0 |
| total: | 54 | 7460g | / | 410w |
| Ancient Protector | 4 | 540 | / | 320 |
| Ancient of War | 3 | 450 | / | 180 |
| Moon Well | 6 | 1080 | / | 240 |
| Altar of Elders | 1 | 180 | / | 50 |
| Hunter's Hall | 2 | 420 | / | 200 |
| Tree of Life | 1 | 340 | / | 185 |
| Ancient of Wonders | 1 | 90 | / | 30 |
| Tree of Ages | 1 | 320 | / | 180 |
| Orc Burrow | 3 | 480 | / | 120 |
| Barracks | 2 | 360 | / | 100 |
| Voodoo Lounge | 1 | 130 | / | 30 |
| total: | 24 | 4070g | / | 1455w |
| 0:02 | Wisp |
| 0:02 | Wisp |
| 0:06 | Ancient of War |
| 0:18 | Wisp |
| 0:31 | Moon Well |
| 0:33 | Wisp |
| 0:49 | Wisp |
| 0:50 | Wisp |
| 1:16 | Altar of Elders |
| 1:23 | Archer |
| 1:24 | Moon Well |
| 1:38 | Wisp |
| 1:38 | Wisp |
| 1:39 | Wisp |
| 1:53 | Archer |
| 2:16 | Archer |
| 2:24 | Pocket Factory |
| 2:26 | Hunter's Hall |
| 2:35 | Orc Burrow |
| 2:36 | Barracks |
| 2:38 | Barracks |
| 2:39 | Feral Spirit |
| 2:43 | Voodoo Lounge |
| 2:45 | Archer |
| 2:49 | Moon Well |
| 2:50 | Ancient of War |
| 2:55 | Entangling Roots |
| 3:04 | Ancient of War |
| 3:05 | Moon Well |
| 3:10 | Archer |
| 3:18 | Orc Burrow |
| 3:25 | Archer |
| 3:53 | Huntress |
| 3:55 | Ultravision |
| 4:05 | Tree of Life |
| 4:07 | Grunt |
| 4:17 | Archer |
| 4:28 | Huntress |
| 4:31 | Moon Well |
| 4:33 | Huntress |
| 4:35 | Archer |
| 4:36 | Archer |
| 5:02 | Huntress |
| 5:02 | Huntress |
| 5:08 | Archer |
| 5:24 | Dust of Appearance |
| 5:29 | Engineering Upgrade |
| 5:31 | Force of Nature |
| 5:34 | Huntress |
| 5:38 | Huntress |
| 5:39 | Grunt |
| 5:44 | Grunt |
| 5:46 | Orc Burrow |
| 5:59 | Tree of Ages |
| 6:01 | Moon Well |
| 6:09 | Huntress |
| 6:10 | Huntress |
| 6:17 | Grunt |
| 6:19 | Archer |
| 6:33 | Hunter's Hall |
| 6:53 | Huntress |
| 6:54 | Wisp |
| 6:54 | Wisp |
| 6:57 | Wisp |
| 7:06 | Grunt |
| 7:18 | Ancient of Wonders |
| 7:21 | Ancient Protector |
| 7:23 | Ancient Protector |
| 7:36 | Ancient Protector |
| 7:48 | Grunt |
| 7:49 | Archer |
| 7:57 | Ancient Protector |
| 8:02 | Grunt |
| 8:15 | Grunt |
| 8:26 | Potion of Healing |
| 8:40 | Wisp |
| 8:45 | Archer |
| 8:45 | Archer |
| 9:03 | Archer |
| 9:08 | Entangling Roots |
| 9:15 | Archer |
| 9:17 | Acid Bomb |
| 9:37 | Improved Bows |
| 9:37 | Archer |
| 9:58 | Grunt |
| 10:07 | Grunt |
| 10:07 | Archer |
| 10:31 | Archer |
| 10:44 | Pocket Factory |
| 10:45 | Archer |
| 10:47 | Archer |
| Right click | 1256 |
| Select | 414 |
| Chat | 185 |
| Misc. action | 133 |
| Select group | 102 |
| Build/train/purchase | 87 |
| Use ability | 31 |
| Assign group | 21 |
| Minimap ping | 8 |
| Item give/drop | 2 |
| Wisp | 11 | 660 | / | 0 |
| total: | 11 | 660g | / | 0w |
| Altar of Elders | 1 | 180 | / | 50 |
| Moon Well | 2 | 360 | / | 80 |
| Ancient of War | 2 | 300 | / | 120 |
| total: | 5 | 840g | / | 250w |
| 0:01 | Wisp |
| 0:02 | Wisp |
| 0:06 | Altar of Elders |
| 0:18 | Moon Well |
| 0:20 | Wisp |
| 0:32 | Ancient of War |
| 0:44 | Wisp |
| 0:45 | Wisp |
| 0:46 | Wisp |
| 1:01 | Wisp |
| 1:01 | Wisp |
| 1:19 | Ancient of War |
| 1:22 | Wisp |
| 1:33 | Wisp |
| 1:38 | Moon Well |
| 1:44 | Wisp |
| Chat | 151 |
| Right click | 61 |
| Select group | 32 |
| Select | 23 |
| Build/train/purchase | 13 |
| Assign group | 10 |
| Remove unit | 3 |
| Use ability | 1 |
94 units @ 12.1k
/ 1.1k
58 buildings @ 8.5k
/ 3.4k


x1)
| Scroll of Town Portal | 1 | 350 |
| Scroll of Healing | 1 | 250 |
| Boots of Speed | 1 | 250 |
| Staff of Teleportation | 1 | 150 |
| Tome of Retraining | 1 | 300 |
| total: | 5 | 1300g |
| Peasant | 11 | 825 | / | 0 |
| Footman | 11 | 1485 | / | 0 |
| Mortar Team | 1 | 180 | / | 70 |
| Goblin Shredder | 1 | 375 | / | 100 |
| total: | 24 | 2865g | / | 170w |
| Scout Tower | 1 | 30 | / | 20 |
| Altar of Kings | 2 | 360 | / | 100 |
| Farm | 9 | 720 | / | 180 |
| Barracks | 2 | 320 | / | 120 |
| Lumber Mill | 1 | 120 | / | 0 |
| Town Hall | 1 | 385 | / | 205 |
| Blacksmith | 1 | 140 | / | 60 |
| Arcane Vault | 1 | 130 | / | 30 |
| Workshop | 4 | 560 | / | 560 |
| Keep | 1 | 320 | / | 210 |
| Castle | 1 | 360 | / | 210 |
| total: | 22 | 2765g | / | 1275w |
| 0:01 | Altar of Kings |
| 0:02 | Peasant |
| 0:03 | Altar of Kings |
| 0:16 | Peasant |
| 0:18 | Farm |
| 0:19 | Barracks |
| 0:31 | Peasant |
| 0:47 | Peasant |
| 0:48 | Farm |
| 1:04 | Peasant |
| 1:05 | Peasant |
| 1:23 | Footman |
| 1:38 | Footman |
| 1:41 | Peasant |
| 2:08 | Summon Water Elemental |
| 2:20 | Peasant |
| 2:48 | Footman |
| 3:02 | Farm |
| 3:16 | Lumber Mill |
| 3:19 | Brilliance Aura |
| 3:38 | Town Hall |
| 3:41 | Scout Tower |
| 3:42 | Peasant |
| 3:42 | Peasant |
| 3:53 | Farm |
| 3:56 | Peasant |
| 3:59 | Blacksmith |
| 4:17 | Barracks |
| 4:45 | Brilliance Aura |
| 5:01 | Goblin Shredder |
| 5:15 | Defend |
| 5:29 | Iron Plating |
| 5:31 | Arcane Vault |
| 5:37 | Footman |
| 5:39 | Farm |
| 5:40 | Farm |
| 5:40 | Farm |
| 5:56 | Footman |
| 6:02 | Keep |
| 6:16 | Boots of Speed |
| 6:19 | Staff of Teleportation |
| 6:25 | Footman |
| 6:50 | Footman |
| 6:57 | Iron Forged Swords |
| 6:58 | Footman |
| 7:07 | Farm |
| 7:07 | Farm |
| 7:42 | Footman |
| 8:01 | Footman |
| 8:02 | Footman |
| 8:19 | Blizzard |
| 8:53 | Workshop |
| 8:54 | Workshop |
| 8:55 | Castle |
| 9:04 | Tome of Retraining |
| 9:04 | Retrain Hero |
| 9:06 | Blizzard |
| 9:07 | Brilliance Aura |
| 9:09 | Scroll of Town Portal |
| 9:09 | Scroll of Healing |
| 9:51 | Flame Strike |
| 10:04 | Blizzard |
| 10:10 | Workshop |
| 10:48 | Mortar Team |
| 11:03 | Siphon Mana |
| 11:08 | Workshop |
| Right click | 778 |
| Select | 269 |
| Select group | 269 |
| Chat | 136 |
| Build/train/purchase | 86 |
| Assign group | 57 |
| Misc. action | 31 |
| Minimap ping | 31 |
| Use ability | 9 |
| Item give/drop | 5 |
| Resource trade | 4 |


| Healing Salve | 2 | 200 |
| Lesser Clarity Potion | 2 | 140 |
| Scroll of Speed | 2 | 100 |
| Circlet of Nobility | 1 | 175 |
| total: | 7 | 615g |
| Peon | 8 | 600 | / | 0 |
| Wind Rider | 5 | 1325 | / | 200 |
| Raider | 1 | 180 | / | 40 |
| total: | 14 | 2105g | / | 240w |
| Altar of Storms | 1 | 180 | / | 50 |
| Orc Burrow | 5 | 800 | / | 200 |
| Voodoo Lounge | 1 | 130 | / | 30 |
| War Mill | 1 | 205 | / | 0 |
| Beastiary | 2 | 290 | / | 280 |
| Stronghold | 1 | 315 | / | 190 |
| total: | 10 | 1605g | / | 560w |
| 0:06 | Peon |
| 0:06 | Peon |
| 0:06 | Peon |
| 0:25 | Altar of Storms |
| 0:28 | Orc Burrow |
| 0:52 | Peon |
| 0:53 | Peon |
| 1:24 | Peon |
| 1:25 | Voodoo Lounge |
| 1:35 | Peon |
| 1:50 | Peon |
| 2:12 | Stronghold |
| 2:28 | Healing Salve |
| 2:28 | Lesser Clarity Potion |
| 2:28 | Lesser Clarity Potion |
| 2:28 | Scroll of Speed |
| 2:32 | Wind Walk |
| 2:59 | War Mill |
| 3:21 | Circlet of Nobility |
| 4:44 | Beastiary |
| 4:45 | Beastiary |
| 4:54 | Orc Burrow |
| 5:18 | Critical Strike |
| 5:32 | Orc Burrow |
| 6:19 | Wind Rider |
| 6:19 | Wind Rider |
| 6:21 | Orc Burrow |
| 6:24 | Orc Burrow |
| 7:12 | Summon Lava Spawn |
| 7:19 | Healing Salve |
| 7:19 | Scroll of Speed |
| 7:30 | Raider |
| 8:12 | Critical Strike |
| 8:34 | Summon Lava Spawn |
| 8:34 | Soul Burn |
| 8:40 | Wind Rider |
| 10:12 | Wind Rider |
| 10:12 | Wind Rider |
| Right click | 355 |
| Select | 110 |
| Select group | 50 |
| Build/train/purchase | 49 |
| Assign group | 32 |
| Chat | 8 |
| Use ability | 7 |
| Resource trade | 6 |
| Minimap ping | 1 |

| Lesser Clarity Potion | 1 | 70 |
| Scroll of Regeneration | 1 | 100 |
| Potion of Healing | 1 | 150 |
| Scroll of Healing | 1 | 250 |
| Scroll of Town Portal | 1 | 350 |
| Periapt of Vitality | 1 | 325 |
| Scroll of Protection | 1 | 150 |
| total: | 7 | 1395g |
| Peasant | 9 | 675 | / | 0 |
| Footman | 11 | 1485 | / | 0 |
| Rifleman | 2 | 410 | / | 60 |
| Knight | 2 | 490 | / | 120 |
| Goblin Shredder | 1 | 375 | / | 100 |
| total: | 25 | 3435g | / | 280w |
| Altar of Kings | 1 | 180 | / | 50 |
| Farm | 6 | 480 | / | 120 |
| Barracks | 3 | 480 | / | 180 |
| Town Hall | 1 | 385 | / | 205 |
| Blacksmith | 1 | 140 | / | 60 |
| Arcane Vault | 1 | 130 | / | 30 |
| Lumber Mill | 1 | 120 | / | 0 |
| Keep | 1 | 320 | / | 210 |
| Castle | 1 | 360 | / | 210 |
| total: | 14 | 1915g | / | 645w |
| 0:02 | Peasant |
| 0:02 | Peasant |
| 0:02 | Peasant |
| 0:14 | Altar of Kings |
| 0:18 | Farm |
| 0:42 | Peasant |
| 0:50 | Barracks |
| 1:04 | Peasant |
| 1:06 | Farm |
| 1:08 | Peasant |
| 1:28 | Peasant |
| 1:33 | Farm |
| 1:51 | Peasant |
| 1:57 | Footman |
| 2:01 | Peasant |
| 2:19 | Footman |
| 2:23 | Holy Light |
| 2:37 | Farm |
| 2:42 | Footman |
| 2:56 | Footman |
| 3:24 | Footman |
| 3:26 | Keep |
| 3:46 | Footman |
| 4:14 | Defend |
| 4:31 | Town Hall |
| 4:35 | Devotion Aura |
| 4:42 | Blacksmith |
| 5:18 | Farm |
| 5:29 | Footman |
| 5:52 | Arcane Vault |
| 5:59 | Holy Light |
| 6:10 | Lumber Mill |
| 6:28 | Goblin Shredder |
| 7:05 | Lesser Clarity Potion |
| 7:05 | Scroll of Regeneration |
| 7:08 | Potion of Healing |
| 7:09 | Footman |
| 7:10 | Footman |
| 7:10 | Footman |
| 7:45 | Rifleman |
| 7:47 | Barracks |
| 7:48 | Barracks |
| 7:50 | Castle |
| 7:52 | Iron Plating |
| 8:21 | Devotion Aura |
| 8:50 | Farm |
| 9:08 | Footman |
| 9:11 | Steel Plating |
| 9:16 | Periapt of Vitality |
| 9:17 | Scroll of Protection |
| 9:24 | Scroll of Healing |
| 9:24 | Scroll of Town Portal |
| 10:02 | Rifleman |
| 10:12 | Devotion Aura |
| 10:30 | Knight |
| 10:30 | Animal War Training |
| 10:31 | Sundering Blades |
| 11:00 | Knight |
| Right click | 203 |
| Select group | 173 |
| Select | 114 |
| Build/train/purchase | 62 |
| Misc. action | 61 |
| Chat | 34 |
| Assign group | 20 |
| Use ability | 18 |
| Minimap ping | 13 |
| Resource trade | 4 |

| Wisp | 14 | 840 | / | 0 |
| Archer | 9 | 1170 | / | 90 |
| Hippogryph | 4 | 640 | / | 80 |
| Druid of the Talon | 2 | 290 | / | 40 |
| Goblin Shredder | 2 | 750 | / | 200 |
| total: | 31 | 3690g | / | 410w |
| Altar of Elders | 1 | 180 | / | 50 |
| Moon Well | 5 | 900 | / | 200 |
| Ancient of War | 2 | 300 | / | 120 |
| Tree of Life | 1 | 340 | / | 185 |
| Hunter's Hall | 1 | 210 | / | 100 |
| Ancient of Wind | 2 | 300 | / | 280 |
| Tree of Ages | 1 | 320 | / | 180 |
| Tree of Eternity | 1 | 330 | / | 200 |
| total: | 12 | 2230g | / | 935w |
| 0:02 | Wisp |
| 0:02 | Wisp |
| 0:06 | Altar of Elders |
| 0:19 | Moon Well |
| 0:23 | Ancient of War |
| 0:30 | Wisp |
| 0:30 | Wisp |
| 0:45 | Wisp |
| 0:56 | Wisp |
| 1:10 | Wisp |
| 1:26 | Archer |
| 1:27 | Wisp |
| 1:39 | Wisp |
| 1:52 | Ancient of War |
| 1:59 | Moon Well |
| 2:01 | Wisp |
| 2:13 | Wisp |
| 2:15 | Trueshot Aura |
| 2:32 | Moon Well |
| 2:53 | Archer |
| 3:11 | Tree of Ages |
| 3:15 | Archer |
| 3:16 | Archer |
| 3:30 | Archer |
| 3:32 | Searing Arrows |
| 3:55 | Archer |
| 4:15 | Tree of Life |
| 4:29 | Archer |
| 5:01 | Goblin Shredder |
| 5:01 | Goblin Shredder |
| 5:11 | Archer |
| 5:30 | Trueshot Aura |
| 5:34 | Ancient of Wind |
| 5:35 | Ancient of Wind |
| 5:50 | Improved Bows |
| 5:53 | Hunter's Hall |
| 6:45 | Hippogryph |
| 7:06 | Wisp |
| 7:07 | Hippogryph |
| 7:09 | Strength of the Moon |
| 7:34 | Hippogryph |
| 7:45 | Searing Arrows |
| 8:08 | Hippogryph |
| 8:35 | Trueshot Aura |
| 8:43 | Druid of the Talon Adept Training |
| 8:44 | Druid of the Talon |
| 8:48 | Archer |
| 8:50 | Tree of Eternity |
| 8:52 | Improved Strength of the Moon |
| 8:56 | Moon Well |
| 8:58 | Moon Well |
| 9:19 | Druid of the Talon |
| 9:25 | Wisp |
| 9:25 | Wisp |
| 10:49 | Starfall |
| Right click | 461 |
| Select group | 283 |
| Select | 187 |
| Build/train/purchase | 57 |
| Assign group | 44 |
| Misc. action | 27 |
| Use ability | 8 |
| Esc | 3 |
| Item give/drop | 1 |
⇛